Map: Interloper LE

Players

BroCoviC

  • Race: Zerg Zerg
  • League: Platinum
  • Spawn Location: 5:00

Juxtapose - Winner!

  • Race: Terran Terran
  • League: Gold
  • Spawn Location: 11:00

VOD

https://youtu.be/RvLvyL3DS5E

Description

I'm very impressed with Cyclones in the early game, and how well they do overall. Even against these Banelings, which would normally hard counter my Marine play, the Cyclones helped quite nicely.

Time

  • Played on: Sept. 14, 2017, 7:06 p.m.
  • Length: 7:39
Show
View Real Time Build Order
Export as new Build Order

BroCoviC Zerg 

Build Orders: Pool First 

Get SALT Encoding   

  12  0:03  Drone  
  13  0:14  Overlord  
  13  0:19  Drone  
  14  0:21  Extractor  
  14  0:24  Drone  
  15  0:37  Drone x2  
  17  0:52  Spawning Pool  
  17  0:53  Extractor  
  15  0:58  Drone x2  
  17  1:22  Hatchery  
  16  1:27  Drone  
  16  1:28  Drone  
  18  1:40  Queen  
  20  1:47  Zergling x4  
  22  2:02  Overlord  
  22  2:06  Metabolic Boost  
  22  2:32  Drone x3  
  22  2:34  Queen  
  27  2:37  Drone  
  27  2:56  Baneling Nest  
  27  2:57  Drone x2  
  27  2:58  Drone x4  
  32  3:06  Overlord  
  32  3:13  Overlord  
  32  3:20  Evolution Chamber  
  31  3:33  Hatchery  
  30  3:41  Drone x2  
  30  3:42  Drone x4  
  30  3:48  Queen  
  38  4:05  Zergling x12  
  44  4:12  Zerg Melee Weapons Level 1  
  44  4:20  Evolution Chamber  
  43  4:24  Baneling  
  43  4:35  Extractor, Drone x2  
  44  4:50  Drone x4  
  44  4:51  Drone x7  
  55  4:53  Queen  
  55  4:58  Baneling x2  
  55  4:59  Baneling x7  
  57  5:07  Spore Crawler  
  57  5:10  Queen, Spore Crawler  
  57  5:11  Overlord  
  50  5:34  Lair  
  50  5:45  Extractor  
  50  5:49  Extractor  
  48  5:57  Drone x4  
  48  5:59  Zergling x2  
  48  6:00  Zergling x24  
  65  6:04  Extractor  
  65  6:06  Extractor  
  65  6:07  Spore Crawler  
  65  6:08  Overlord  
  62  6:27  Drone x3  
  62  6:28  Drone x5  
  70  6:44  Spire  
  69  6:48  Zergling x2  
  69  6:49  Zergling x14  
  70  6:54  Baneling  
  70  6:55  Baneling x4  
  70  6:56  Zergling x2  
  70  6:57  Zergling x4  
  72  7:05  Zergling x2  
  72  7:06  Zergling x6  
Show
View Real Time Build Order
Export as new Build Order

Juxtapose Terran - Winner!

Build Orders:  

Get SALT Encoding   

  12  0:01  SCV  
  13  0:13  SCV  
  14  0:22  Supply Depot  
  14  0:25  SCV  
  15  0:43  SCV  
  15  0:46  Barracks  
  16  0:54  Supply Depot  
  16  0:55  SCV  
  17  1:07  SCV  
  17  1:09  Refinery  
  18  1:15  Refinery  
  18  1:20  SCV  
  19  1:33  Orbital Command  
  19  1:42  Marine  
  20  2:02  Barracks, SCV  
  20  2:06  Barracks Reactor  
  21  2:15  SCV  
  22  2:18  Supply Depot  
  22  2:27  SCV  
  22  2:39  SCV  
  22  2:41  Factory  
  22  2:44  Marine x2, Supply Depot  
  23  2:51  SCV  
  26  2:59  Barracks Tech Lab  
  27  3:10  Marine x2  
  28  3:17  Command Center  
  28  3:32  Factory Reactor  
  28  3:34  Marine  
  28  3:35  Marine x2  
  28  3:37  Stimpack  
  28  3:39  SCV  
  32  3:47  Engineering Bay  
  32  3:52  Marine  
  32  3:53  Starport  
  32  3:55  Marine x2  
  35  4:09  Cyclone  
  38  4:12  Cyclone  
  41  4:30  Orbital Command  
  41  4:31  Starport Tech Lab  
  41  4:43  Cyclone  
  41  4:44  Cyclone  
  47  4:45  Orbital Command  
  47  4:53  Medivac  
  49  5:11  Marine x3  
  52  5:15  Cyclone  
  55  5:25  Cyclone  
  55  5:26  SCV  
  59  5:28  Marine  
  59  5:29  Marine x2  
  62  5:45  Supply Depot  
  62  6:03  Supply Depot  
  62  6:07  Marine x3, SCV x2  
  62  6:08  Supply Depot  
  67  6:19  SCV x2  
  69  6:30  Medivac  
  69  6:31  SCV  
  72  6:33  Marine x3  
  75  6:43  SCV  
  76  6:55  Marine x3  
  76  7:00  Medivac  
  81  7:12  Marine x2  
Tags
 
Matchup
TvZ
Opening
Pool First
Spawn Locations
Cross Positions
Add a new tag
Caveats
  • Supply blocks, unpowered buildings, or Contaminate may cause inaccurate times.
  • Supply counts are checked every 10 seconds.